Map: Вечная империя РВ

Players

Dan

  • Race: Terran Terran
  • League: Master
  • Spawn Location: 7:00

Bibizyan - Winner!

  • Race: Protoss Protoss
  • Spawn Location: 1:00

VOD

Have the link to the VOD?

Description

Time

  • Played on: April 18, 2020, 2:19 p.m.
  • Length: 7:57
Show
View Real Time Build Order
Export as new Build Order

Dan Terran 

Build Orders: Liberator Opening 

Get SALT Encoding   

  12  0:01  SCV  
  13  0:13  SCV  
  14  0:17  Supply Depot  
  14  0:25  SCV  
  15  0:34  Refinery  
  15  0:39  SCV  
  16  0:45  Barracks  
  16  0:51  SCV  
  17  1:03  SCV  
  18  1:15  SCV  
  19  1:32  Reaper, Orbital Command  
  20  1:49  Command Center  
  20  2:02  Factory  
  20  2:04  SCV  
  21  2:10  Barracks Reactor  
  21  2:15  Refinery  
  21  2:17  SCV  
  22  2:31  SCV  
  23  2:40  Supply Depot  
  23  2:50  Marine  
  23  2:54  Bunker  
  23  3:02  SCV, Marine, Widow Mine  
  26  3:09  Marine  
  27  3:14  SCV  
  28  3:21  Marine  
  28  3:24  Widow Mine  
  28  3:25  Starport  
  31  3:47  SCV  
  32  3:49  Orbital Command  
  32  3:52  Bunker  
  36  3:55  Hellion x2  
  36  3:59  SCV  
  36  4:03  Supply Depot  
  36  4:06  Liberator  
  39  4:11  SCV  
  39  4:12  Marine  
  41  4:18  SCV, Supply Depot  
  41  4:23  SCV  
  41  4:33  SCV  
  41  4:35  SCV, Bunker  
  41  4:37  Marine  
  41  4:38  Hellion x2  
  48  4:46  SCV  
  48  4:48  SCV  
  52  4:53  Supply Depot  
  52  4:54  Starport Tech Lab  
  52  4:58  SCV  
  51  5:01  SCV  
  52  5:08  Factory Tech Lab  
  52  5:09  Supply Depot  
  52  5:10  SCV  
  52  5:14  SCV  
  54  5:18  Marine  
  54  5:19  Raven, Marine  
  54  5:22  SCV  
  54  5:26  SCV  
  53  5:36  Command Center, Marine x2  
  53  5:40  Siege Tank  
  58  5:46  SCV  
  57  5:55  Marine x2  
  49  5:59  SCV  
  43  6:07  SCV  
  34  6:19  SCV  
  34  6:20  Marine x2  
  37  6:28  SCV  
  37  6:32  SCV, Siege Tank  
  42  6:40  SCV  
  42  6:41  Marine x2  
  42  6:44  Liberator  
  48  6:51  SCV  
  49  6:59  Command Center  
  51  7:02  SCV  
  51  7:04  SCV  
  51  7:12  Marine  
  51  7:14  SCV, Barracks  
  51  7:16  SCV, Barracks  
  52  7:23  Bunker  
  52  7:25  Bunker  
  52  7:26  SCV  
  52  7:28  SCV  
  54  7:35  Marine  
  57  7:38  SCV  
  57  7:40  SCV  
Show
View Real Time Build Order
Export as new Build Order

Bibizyan Protoss - Winner!

Build Orders: 1 Gate Expand, Blink Stalkers 

Get SALT Encoding   

  12  0:00  Probe  
  13  0:12  Probe  
  14  0:17  Pylon  
  14  0:25  Probe (Chrono Boost)  
  15  0:37  Probe (Chrono Boost), Gateway  
  15  0:42  Probe (Chrono Boost)  
  16  0:46  Assimilator  
  17  0:53  Probe  
  18  1:05  Probe  
  19  1:17  Probe  
  20  1:24  Cybernetics Core  
  20  1:33  Nexus  
  20  1:36  Probe  
  21  1:42  Pylon  
  21  1:50  Probe  
  21  1:51  Assimilator  
  22  1:59  Adept (Chrono Boost)  
  22  2:02  Probe  
  22  2:06  Warp Gate  
  25  2:14  Probe  
  26  2:19  Stalker (Chrono Boost)  
  28  2:26  Probe  
  29  2:38  Probe  
  29  2:42  Twilight Council  
  30  2:44  Stalker  
  30  2:47  Probe  
  30  2:50  Probe  
  34  2:59  Probe  
  34  3:02  Probe  
  36  3:11  Probe  
  37  3:14  Probe  
  37  3:15  Blink (Chrono Boost)  
  38  3:21  Stalker  
  38  3:23  Probe  
  41  3:27  Probe  
  41  3:31  Gateway  
  42  3:39  Probe, Pylon  
  43  3:45  Probe  
  44  3:51  Probe  
  45  3:57  Probe, Gateway  
  45  3:59  Robotics Facility  
  46  4:07  Stalker  
  46  4:09  Pylon  
  49  4:15  Nexus  
  46  4:28  Probe x2  
  48  4:33  Stalker  
  48  4:34  Stalker  
  48  4:37  Assimilator  
  52  4:40  Pylon, Assimilator  
  52  4:47  Observer (Chrono Boost)  
  52  4:50  Probe x2  
  55  4:58  Stalker x2  
  59  5:01  Charge  
  59  5:02  Probe x2  
  61  5:13  Stalker  
  63  5:14  Probe x2  
  65  5:24  Stalker  
  65  5:27  Stalker  
  65  5:28  Immortal (Chrono Boost)  
  73  5:42  Stalker  
  73  5:47  Probe x2  
  72  5:51  Probe  
  73  5:59  Probe x2  
  75  6:04  Immortal (Chrono Boost)  
  75  6:21  Probe x3  
  75  6:25  Forge  
  76  6:26  Forge  
  76  6:28  Robotics Bay  
  76  6:33  Probe x3  
  76  6:36  Gateway  
  76  6:37  Gateway  
  76  6:39  Warp Prism (Chrono Boost), Gateway  
  79  6:41  Pylon  
  81  6:54  Probe x3  
  81  6:55  Pylon  
  81  6:56  Pylon  
  84  7:06  Probe  
  85  7:13  Colossus (Chrono Boost)  
  85  7:18  Probe  
  92  7:38  Stalker x3  
  92  7:39  Stalker  
  92  7:40  Zealot x2  
Tags
 
Add a new tag
Caveats
  • Supply blocks, unpowered buildings, or Contaminate may cause inaccurate times.
  • Supply counts are checked every 10 seconds.